Map: [ESL] Inside and Out

Players

Rex - Winner!

  • Race: Zerg Zerg
  • Spawn Location: 1:00

ButAlways

  • Race: Protoss Protoss
  • Spawn Location: 7:00

Event: DreamHack SC2 Masters 2022 Atlanta (Online)

VOD

Have the link to the VOD?

Description

Time

  • Played on: Oct. 1, 2022, 8:08 a.m.
  • Length: 12:54

All games in this series

Show
View Real Time Build Order
Export as new Build Order

Rex Zerg - Winner!

Build Orders: Hatch First, Lurkers 

Get SALT Encoding   

  12  0:00  Drone  
  13  0:12  Overlord  
  13  0:17  Drone  
  14  0:30  Drone x2  
  16  0:49  Hatchery  
  15  0:51  Drone  
  15  0:55  Drone  
  17  0:58  Drone  
  18  1:09  Extractor  
  17  1:14  Spawning Pool  
  17  1:16  Drone  
  17  1:19  Drone  
  18  1:30  Drone  
  19  1:38  Drone  
  20  1:52  Overlord  
  20  2:01  Queen x2  
  20  2:03  Zergling x4  
  26  2:10  Metabolic Boost  
  26  2:12  Drone  
  26  2:13  Drone  
  28  2:21  Drone  
  29  2:23  Drone  
  30  2:36  Hatchery  
  29  2:40  Drone  
  30  2:45  Drone  
  30  2:49  Queen  
  33  2:54  Overlord  
  33  2:55  Drone  
  34  2:59  Drone x2  
  36  3:06  Overlord  
  36  3:11  Queen  
  38  3:15  Drone x3  
  41  3:21  Drone  
  41  3:22  Drone  
  41  3:26  Queen  
  45  3:31  Drone  
  45  3:32  Drone  
  45  3:33  Drone  
  48  3:39  Drone  
  49  3:47  Drone  
  49  3:49  Drone  
  49  3:50  Drone  
  49  3:54  Spore Crawler  
  49  3:56  Queen  
  49  3:57  Drone x4  
  55  4:03  Queen  
  55  4:06  Drone, Overlord  
  58  4:10  Overlord  
  58  4:11  Spore Crawler  
  58  4:13  Evolution Chamber  
  58  4:15  Overlord  
  56  4:22  Drone x2  
  58  4:25  Overlord  
  58  4:28  Zergling x8  
  58  4:29  Zergling x2  
  63  4:34  Drone  
  63  4:35  Drone x3  
  67  4:39  Zerg Melee Weapons Level 1  
  67  4:41  Drone  
  67  4:44  Drone x2  
  67  4:45  Baneling Nest  
  69  4:51  Drone x5  
  74  4:53  Drone  
  74  4:56  Drone x2  
  74  4:59  Drone  
  78  5:02  Drone x2  
  80  5:11  Lair  
  80  5:12  Drone x2  
  80  5:13  Hatchery  
  81  5:19  Extractor x2  
  78  5:22  Zergling x14  
  78  5:27  Zergling x6  
  86  5:32  Zergling x2  
  86  5:33  Zergling x4, Hatchery  
  88  5:39  Zergling x2  
  88  5:40  Zergling x2  
  90  5:44  Overlord x4  
  90  5:47  Overlord  
  89  5:53  Overlord  
  89  5:54  Overlord  
  89  6:00  Zergling x2  
  89  6:01  Zergling x4  
  86  6:08  Drone x8  
  94  6:15  Centrifugal Hooks  
  94  6:17  Overseer  
  94  6:19  Zergling x12  
  94  6:24  Baneling x4  
  100  6:27  Baneling  
  100  6:29  Zergling x10  
  105  6:35  Zergling x4  
  107  6:41  Zergling x10  
  107  6:46  Drone x6  
  114  6:50  Overlord  
  112  6:56  Zergling x8  
  112  7:01  Zergling x2  
  110  7:02  Zerg Melee Weapons Level 2  
  110  7:04  Drone  
  110  7:08  Drone x9  
  120  7:09  Extractor  
  120  7:10  Baneling x7, Extractor  
  120  7:12  Zergling x2  
  119  7:18  Hatchery  
  119  7:20  Zergling x12  
  116  7:24  Zergling x4  
  116  7:28  Zergling x2  
  116  7:29  Zergling x2  
  116  7:34  Zergling x10  
  116  7:36  Infestation Pit  
  120  7:41  Zergling x12  
  117  7:56  Zergling x24  
  120  8:02  Drone  
  120  8:03  Drone x6  
  120  8:04  Hydralisk Den  
  122  8:08  Spore Crawler, Zergling x2, Drone  
  122  8:10  Zergling x2, Drone  
  120  8:12  Zergling x2  
  120  8:14  Zergling x2  
  120  8:15  Drone  
  120  8:18  Zergling x2, Drone  
  124  8:21  Hive  
  124  8:23  Zergling x4, Evolution Chamber  
  124  8:24  Zergling x10, Extractor  
  128  8:30  Zergling x2, Drone  
  128  8:33  Overlord x2  
  128  8:35  Extractor x2  
  128  8:38  Grooved Spines, Overlord x2  
  126  8:41  Hydralisk x6  
  126  8:42  Hydralisk  
  126  8:48  Hatchery  
  137  8:52  Hydralisk x2  
  137  8:53  Hydralisk x3  
  146  8:57  Drone x3  
  149  9:06  Hydralisk, Zerg Missile Weapons Level 1  
  149  9:07  Zergling x14  
  158  9:14  Hydralisk x3  
  158  9:15  Zergling x4  
  163  9:20  Zerg Ground Armor Level 1  
  163  9:22  Zergling x4  
  163  9:23  Zergling x2, Lurker Den  
  165  9:24  Drone  
  165  9:25  Zergling x2  
  165  9:27  Zergling x2  
  165  9:31  Zergling x2, Spore Crawler, Drone  
  168  9:35  Zergling x2, Drone  
  168  9:37  Zergling x2  
  168  9:38  Zergling x14  
  172  9:41  Zergling x2  
  172  9:42  Zergling x6  
  176  9:49  Muscular Augments, Adrenal Glands  
  176  9:53  Baneling x5  
  176  9:59  Baneling  
  176  10:00  Zergling x2, Baneling x10  
  176  10:01  Zergling x16  
  184  10:08  Zergling x18  
  179  10:21  Zergling x28  
  187  10:31  Hydralisk x2  
  187  10:32  Hydralisk x2  
  180  10:37  Hydralisk x5  
  181  10:45  Hydralisk x4  
  181  10:46  Hydralisk  
  181  10:47  Baneling  
  181  10:48  Baneling x2  
  181  10:53  Hydralisk x3  
  178  10:58  Hydralisk x2  
  178  10:59  Zergling x4  
  178  11:02  Zergling x2, Seismic Spines  
  156  11:12  Zergling x14  
  156  11:14  Drone  
  156  11:15  Drone  
  165  11:24  Lurker x8  
  173  11:31  Lurker  
  173  11:32  Overseer x2  
  174  11:34  Overlord x5  
  174  11:36  Baneling  
  174  11:37  Baneling x2  
  174  11:40  Zergling x10  
  179  11:50  Lurker  
  177  12:08  Zergling x14  
  173  12:10  Zergling x2  
  173  12:11  Zergling x22  
  173  12:12  Drone  
  173  12:15  Lurker x6  
  186  12:21  Zergling x2, Drone  
  186  12:22  Hydralisk, Overlord  
  188  12:23  Hydralisk x2  
  188  12:29  Hydralisk x3  
  186  12:30  Zergling x6  
  186  12:32  Zergling x14  
  186  12:33  Overseer  
Show
View Real Time Build Order
Export as new Build Order

ButAlways Protoss 

Build Orders: 1 Gate Expand, Oracle Opening 

Get SALT Encoding   

  12  0:00  Probe  
  13  0:12  Probe  
  14  0:19  Pylon  
  14  0:25  Probe  
  15  0:37  Probe (Chrono Boost)  
  15  0:39  Gateway  
  16  0:44  Assimilator  
  16  0:48  Probe (Chrono Boost)  
  17  0:53  Probe (Chrono Boost)  
  18  1:05  Probe  
  19  1:17  Probe  
  20  1:24  Nexus  
  20  1:36  Cybernetics Core  
  20  1:38  Probe  
  21  1:46  Assimilator  
  21  1:50  Probe  
  22  1:55  Pylon  
  22  2:02  Probe (Chrono Boost)  
  23  2:10  Adept (Chrono Boost)  
  23  2:14  Probe (Chrono Boost)  
  26  2:17  Stargate  
  26  2:19  Probe (Chrono Boost)  
  27  2:25  Warp Gate  
  27  2:32  Probe (Chrono Boost)  
  27  2:33  Adept  
  30  2:37  Probe (Chrono Boost)  
  32  2:46  Probe (Chrono Boost)  
  32  2:47  Probe (Chrono Boost)  
  33  2:52  Probe (Chrono Boost)  
  33  2:54  Probe  
  35  2:58  Oracle (Chrono Boost)  
  35  3:03  Probe  
  39  3:06  Probe  
  40  3:16  Probe  
  40  3:19  Gateway, Pylon  
  42  3:20  Probe  
  42  3:28  Oracle (Chrono Boost), Probe  
  46  3:37  Probe  
  46  3:40  Probe  
  48  3:49  Probe  
  48  3:52  Probe  
  49  3:58  Twilight Council  
  49  4:02  Probe  
  50  4:05  Probe  
  50  4:06  Nexus  
  50  4:07  Forge  
  51  4:12  Pylon  
  51  4:14  Probe  
  51  4:17  Probe  
  53  4:23  Gateway  
  53  4:24  Gateway  
  53  4:26  Probe  
  53  4:28  Blink (Chrono Boost)  
  53  4:30  Probe  
  55  4:33  Assimilator  
  55  4:35  Gateway  
  55  4:38  Protoss Ground Weapons Level 1 (Chrono Boost), Probe, Assimilator  
  55  4:43  Probe  
  57  4:50  Stalker  
  57  4:51  Probe  
  60  4:55  Probe  
  60  4:57  Pylon  
  60  4:59  Pylon  
  61  5:03  Probe  
  61  5:06  Gateway  
  62  5:15  Probe x2  
  62  5:17  Stalker x2  
  62  5:19  Probe  
  67  5:27  Probe x2  
  65  5:30  Stalker  
  65  5:31  Probe, Stalker  
  65  5:33  Stalker  
  72  5:39  Probe x2  
  72  5:41  Templar Archives  
  74  5:45  Stalker  
  76  5:50  Stalker  
  76  5:51  Probe x2  
  76  5:55  Shield Battery  
  80  5:58  Stalker x2  
  80  6:01  Stalker  
  80  6:08  Photon Cannon  
  80  6:09  Stalker  
  82  6:17  Gateway, Psionic Storm  
  82  6:21  Pylon  
  82  6:22  Gateway  
  82  6:23  Stalker  
  84  6:28  Probe x2  
  84  6:30  Probe  
  87  6:35  Pylon  
  87  6:38  Charge (Chrono Boost)  
  86  6:40  Probe x2  
  89  6:50  Sentry  
  89  6:52  Stalker  
  89  6:53  Zealot x4  
  96  7:00  Probe, Protoss Ground Weapons Level 2 (Chrono Boost)  
  95  7:01  Probe x2  
  95  7:04  Pylon  
  96  7:09  Assimilator  
  96  7:12  Probe  
  96  7:13  Probe  
  96  7:15  Zealot x3  
  104  7:16  Probe  
  104  7:17  Pylon  
  104  7:20  Zealot x2  
  104  7:22  Zealot x2  
  104  7:24  Probe  
  104  7:29  Probe  
  106  7:34  Assimilator  
  106  7:37  Pylon x2  
  106  7:43  Stalker  
  108  7:47  Stalker  
  108  7:49  Stalker x3  
  115  7:53  Probe x3  
  114  8:05  Probe x3, High Templar x2  
  115  8:13  High Templar  
  115  8:17  Probe x2  
  115  8:18  Probe  
  120  8:23  Photon Cannon  
  120  8:27  Gateway, High Templar  
  120  8:29  Gateway, Probe x2  
  120  8:30  Pylon  
  124  8:41  Nexus, Pylon  
  124  8:42  Pylon  
  124  8:45  Pylon  
  124  8:52  High Templar x2  
  128  8:55  Zealot x2  
  130  9:02  Fleet Beacon  
  130  9:03  Probe x2  
  130  9:04  Probe  
  133  9:10  Pylon  
  133  9:17  Probe  
  133  9:19  Protoss Shields Level 1, Stargate  
  133  9:20  Zealot x6  
  146  9:32  Shield Battery, Photon Cannon  
  146  9:35  Zealot x4  
  154  9:42  Zealot x3, High Templar x2  
  164  9:55  Gateway x2  
  164  9:56  High Templar x2, Assimilator  
  168  10:00  Shield Battery  
  168  10:02  Zealot x2, Assimilator  
  172  10:11  Shield Battery  
  172  10:12  Shield Battery  
  172  10:14  High Templar  
  172  10:18  Pylon  
  172  10:20  Pylon  
  154  10:22  Archon  
  154  10:24  Photon Cannon  
  154  10:26  Photon Cannon  
  154  10:27  Shield Battery  
  154  10:28  Zealot x4  
  144  10:37  High Templar x2  
  144  10:41  Archon  
  142  10:47  Gateway  
  140  10:50  Gateway  
  122  10:59  Probe x2  
  122  11:00  Probe x2  
  122  11:01  High Templar x5  
  132  11:05  Archon  
  132  11:08  Archon  
  132  11:11  Probe  
  132  11:12  Carrier, Probe x3  
  136  11:18  Pylon  
  136  11:19  Zealot x3  
  136  11:23  Probe  
  149  11:27  Shield Battery  
  149  11:30  Photon Cannon, Probe x2  
  151  11:35  Probe  
  152  11:41  High Templar x2  
  152  11:44  Zealot x5  
  166  11:50  High Templar  
  166  11:51  Archon, High Templar  
  165  12:04  Zealot x4  
  157  12:10  Zealot  
  157  12:12  Pylon  
  157  12:14  Pylon  
  147  12:17  Robotics Facility  
  148  12:27  Zealot x2  
  148  12:28  Zealot x2  
  120  12:34  Zealot  
Tags
 
Add a new tag
Caveats
  • Supply blocks, unpowered buildings, or Contaminate may cause inaccurate times.
  • Supply counts are checked every 10 seconds.